 Dungeon Crawl Stone Soup version 0.30-a0-4-ga7cffc901d (webtiles) character file.

Game seed: 11487781323069006608

65 frimble the Digger (level 3, 0/26 HPs)
             Began as a Demonspawn Earth Elementalist on Aug 21, 2022.
             Slain by a river rat (4 damage)
             ... on level 3 of the Dungeon.
             The game lasted 00:02:15 (1741 turns).

frimble the Digger (Demonspawn Earth Elementalist)  Turns: 1741, Time: 00:02:16

Health: 0/26       AC:  4    Str: 10    XL:     3   Next: 94%
Magic:  5/6        EV: 12    Int: 16    God:
Gold:   60         SH:  0    Dex: 13    Spells: 5/6 levels left

rFire   . . .      SeeInvis .      - Unarmed
rCold   . . .      Faith    .    (no shield)
rNeg    . . .      Spirit   .    d - +2 robe {Will+}
rPois   .          Reflect  .    (helmet restricted)
rElec   .          Harm     .    (no cloak)
rCorr   .          Rampage  .    (no gloves)
Will    +....                    (no boots)
Stlth   +.........               (no amulet)
HPRegen 0.08/turn                (no ring)
MPRegen 0.10/turn                (no ring)

@: mighty, very slow
A: hooves 1, horns 1
a: no special abilities


You were on level 3 of the Dungeon.
You visited 1 branch of the dungeon, and saw 3 of its levels.

You collected 60 gold pieces.

Inventory:

Armour
 d - a +2 robe of willpower (worn)
Scrolls
 a - a scroll of identify


   Skills:
 + Level 1.3 Fighting
 - Level 2.0 Dodging
 - Level 2.0 Stealth
 + Level 1.1 Unarmed Combat
 - Level 2.1 Spellcasting
 + Level 1.7 Transmutations
 + Level 3.1 Earth Magic


You had 5 spell levels left.
You knew the following spells:

 Your Spells              Type           Power      Damage    Failure   Level
a - Sandblast             Erth           22%        2d7       5%          1

Your spell library contained the following spells:

 Spells                   Type           Power      Damage    Failure   Level
 Beastly Appendage        Tmut           14%        N/A       10%         1
 Passwall                 Tmut/Erth      7%         N/A       12%         2
 Wereblood                Tmut           7%         N/A       16%         2
 Ensorcelled Hibernation  Hex/Ice        2%         N/A       30%         2
 Stone Arrow              Conj/Erth      12%        3d7       32%         3
 Spider Form              Tmut/Pois      4%         N/A       41%         3
 Petrify                  Tmut/Erth      9%         N/A       58%         4
 Anguish                  Hex/Necr       0%         N/A       90%         4


Dungeon Overview and Level Annotations

Branches:
Dungeon (3/15)

Altars:

Portals:
Sewer: D:3

Annotations:
D:2 Robin


Innate Abilities, Weirdness & Mutations

You have large cloven feet.
You have a pair of small horns on your head.


Message History

You feel better.
The goblin no longer looks unusually strong.
The giant cockroach bites you. The goblin hits you with a +0 club.
The rat twitches its whiskers.
The river rat bites you.
* * * LOW HITPOINT WARNING * * *
You punch the river rat!
You kill the river rat!
The giant cockroach bites you.
* * * LOW HITPOINT WARNING * * *
The goblin hits you but does no damage.
The giant cockroach bites you but does no damage.
You punch the rat!
You kill the rat!
The goblin barely misses you.
The giant cockroach bites you but does no damage.
You punch the goblin!
You kill the goblin!
The giant cockroach barely misses you. The giant cockroach misses you.
Things that are here:
a +0 club; a goblin corpse You hit the giant cockroach.
You kill the giant cockroach!
a - a scroll of identify A river rat comes into view.
Found 5 large rocks.
You enter the shallow water.
Moving in this stuff is going to be slow.
Aiming: Sandblast (safe; 5% risk of failure)
Press: ? - help, Q - select action Shift-Dir - straight line, f - river rat
Aim: a river rat (80% to hit)
The blast of sand hits the river rat.
The river rat is moderately wounded.
The river rat bites you but does no damage.
The river rat closely misses you.
Your unstable footing causes you to fumble your attack.
The river rat attacks as you move away! The river rat misses you.
The river rat bites you.
You die...

#########
####.....)<#
#.........)#
#..........#
#...~~~....#
#..~~~~~...#
#..~~∩r@...#
#..~~~~~....(..
#...~~~?...###..
#..........#
#..........#
.............#
...............
#####.#####..#.


You could see a river rat.

Vanquished Creatures
  An adder (D:2)
  A river rat (D:3)
  A dart slug (D:1)
  4 ball pythons (D:1)
  An endoplasm (D:1)
  4 giant cockroaches
  5 goblins
  2 hobgoblins (D:1)
  5 kobolds
  6 quokkas
  5 bats
  A frilled lizard (D:1)
  7 rats
43 creatures vanquished.

Notes
Turn   | Place    | Note
-------+----------+-------------------------------------------
     0 | D:1      | frimble the Demonspawn Earth Elementalist began the quest
                  | for the Orb.
     0 | D:1      | Reached XP level 1. HP: 13/13 MP: 3/3
    70 | D:1      | Reached skill level 1 in Transmutations
   189 | D:1      | Discovered your monstrous ancestry.
   189 | D:1      | Gained mutation: You have a pair of small horns on your
                  | head. [demonic ancestry]
   189 | D:1      | Reached XP level 2. HP: 15/19 MP: 0/5
   390 | D:1      | You fall into a shaft and drop 1 floor!
   633 | D:2      | Noticed Robin
   912 | D:1      | Reached skill level 3 in Earth Magic
  1006 | D:1      | Gained mutation: You have large cloven feet. [demonic
                  | ancestry]
  1006 | D:1      | Reached XP level 3. HP: 25/25 MP: 3/6
  1645 | D:2      | Reached skill level 1 in Fighting
  1696 | D:2      | Reached skill level 1 in Unarmed Combat
  1716 | D:3      | Found a glowing drain.
  1741 | D:3      | Slain by a river rat

Illustrated notes

Levels and vault maps discovered:
D:1:      dpeg_arrival_boxes_within_box, layout_basic
D:2:      layout_loops_ring, chequers_ecumenical_altar_grove, uniq_natasha,
          uniq_robin, uniq_terence
D:3:      layout_basic, yredelemnul_altar_generic, serial_curves,
          eino_curves_03, eino_curves_02, portal_sewer_entry_a, uniq_grinder

Skill      XL: |  1  2  3 |
---------------+----------+-----
Transmutations | 1 |  1.7
Stealth        | 2 |  2.0
Dodging        | 2 |  2.0
Earth Magic    | 3 |  3.1
Fighting       | 1 |  1.3
Unarmed Combat | 1 |  1.1
Spellcasting   | |  2.1

Action                   || total
-------------------------++-------
Melee: Unarmed           ||    63
       Headbutt          ||     5
       Kick              ||    10
       Punch             ||     1
 Cast: Sandblast         ||    53
  Use: Scroll            ||     3
       Potion            ||     3
 Stab: Sleeping          ||     1
Armor: Robe              ||    30
Dodge: Dodged            ||    76

Table legend: (Time is in decaauts)
 A = Elapsed time spent in this place.
 B = Non-inter-level travel time spent in this place.
 C = Inter-level travel time spent in this place.
 D = Time resting spent in this place.
 E = Time spent auto-exploring this place.
 F = Levels seen in this place.
 G = Mean time per level.
                   A        B        C        D        E       F      G
               +--------+--------+--------+--------+--------+-----+--------+
         Total |   1767 |   1757 |     10 |    100 |   1325 |   3 |  589.0 |
       Dungeon |   1767 |   1757 |     10 |    100 |   1325 |   3 |  589.0 |
               +--------+--------+--------+--------+--------+-----+--------+

Top non-repeatable levels by time:
     D:1: 1332 daAuts
     D:2: 409 daAuts
     D:3: 26 daAuts
